 Dungeon Crawl Stone Soup version 0.17.1-1-g73c8601 (webtiles) character file.

162755 Peloso the Peltast (level 17, -5/158 HPs)
             Began as a Minotaur Fighter on Dec 20, 2015.
             Was the Champion of Okawaru.
             Killed from afar by a starcursed mass (9 damage)
             ... with an accursed screaming
             ... on level 1 of the Abyss on Dec 21, 2015.
             The game lasted 02:35:27 (38583 turns).

Peloso the Peltast (Minotaur Fighter)              Turns: 38583, Time: 02:35:27

Health: -5/158     AC: 23    Str: 35      XL:     17   Next: 22%
Magic:  28/28      EV: 14    Int:  5      God:    Okawaru [******]
Gold:   1980       SH: 11    Dex: 15 (16) Spells: 0 memorised, 16 levels left

rFire  + + +     SeeInvis .     U - +7 falchion of Bearr {slice, +Inv MP+9 Str+6}
rCold  + . .     Clarity  .     p - +0 plate armour {rF+}
rNeg   . . .     SustAt   .     S - +2 buckler
rPois  .         Gourm    .     (helmet restricted)
rElec  .         Spirit   .     u - +1 cloak "Atrun" {+Fly rF+ rC+}
rCorr  .         Warding  .     Z - +0 pair of gloves {Str+3}
rMut   .         Stasis   .     B - +0 pair of boots
MR     +....                    h - amulet of faith
Stlth  ..........               j - ring of protection from fire
                                x - +4 ring of dexterity

@: somewhat resistant to hostile enchantments, extremely unstealthy
A: retaliatory headbutt, horns 2
a: Heroism, Finesse, Renounce Religion, Evoke Invisibility, Evoke Flight


You were on level 1 of the Abyss.
You worshipped Okawaru.
Okawaru was exalted by your worship.
You were near starving.

You visited 6 branches of the dungeon, and saw 32 of its levels.
You visited the Abyss 1 time.
You visited 1 bazaar.

You collected 2794 gold pieces.
You spent 814 gold pieces at shops.

Inventory:

Hand Weapons
 s - the +7 hand crossbow of Calculation {speed, rElec rPois rN+ Dex+4}
   (Okawaru gifted it to you on level 4 of the Orcish Mines)

   Attacks with this weapon are significantly faster.
   It affects your dexterity (+4).
   It insulates you from electricity.
   It protects you from poison.
   It protects you from negative energy.
 E - a +1 scimitar of flaming
 I - the +4 demon blade of Sompuof {freeze, *Confuse rF+ Str+2, unknown}
   (Okawaru gifted it to you on level 3 of the Elven Halls)

   It has been specially enchanted to freeze those struck by it, causing extra
   injury to most foes and up to half again as much damage against particularly
   susceptible opponents.
   It can also slow down cold-blooded creatures.
   It affects your strength (+2).
   It protects you from fire.
   It may confuse you when you take damage.
 K - the +7 broad axe of Symmetry {drain, *Corrode Str+3 Int+2, unknown}
   (Okawaru gifted it to you on level 1 of the Elven Halls)

   A truly terrible weapon, it drains the life of those it strikes.
   It affects your strength (+3).
   It affects your intelligence (+2).
   It may corrode your equipment when you take damage.
 N - a +0 long sword of protection
 U - the +7 falchion of Bearr (weapon) {slice, +Inv MP+9 Str+6}
   (You found it on level 2 of the Elven Halls)

   It inflicts extra damage upon your enemies.
   It affects your strength (+6).
   It affects your magic capacity (+9).
   It lets you turn invisible.
 Y - the +1 double sword of the Cup {drain, rC+}
   (Okawaru gifted it to you on level 2 of the Lair of Beasts)

   A truly terrible weapon, it drains the life of those it strikes.
   It protects you from cold.
Armour
 c - a +0 shield
 p - a +0 plate armour of fire resistance (worn)
 u - the +1 cloak "Atrun" (worn) {+Fly rF+ rC+}
   (Okawaru gifted it to you on level 11 of the Dungeon)

   It protects you from fire.
   It protects you from cold.
   It lets you fly.
 B - a +0 pair of boots (worn)
 S - a +2 buckler (worn)
 Z - a +0 pair of gloves of strength (worn)
Jewellery
 h - an amulet of faith (around neck)
 j - a ring of protection from fire (right hand)
 m - an uncursed amulet of resist mutation
 x - a +4 ring of dexterity (left hand)
 y - an uncursed ring of poison resistance
 H - an uncursed amulet of stasis
 J - an uncursed ring of protection from cold
 V - an uncursed ring of sustain attributes {unknown}
Wands
 b - a wand of heal wounds (1)
 t - a wand of magic darts (21)
 A - a wand of digging (9)
 C - a wand of teleportation (1)
 Q - a wand of flame (20)
 W - a wand of draining (4)
Scrolls
 a - 3 scrolls of recharging
 f - 12 scrolls of remove curse
 g - 4 scrolls of magic mapping
 k - a scroll of fog
 l - 2 scrolls of enchant armour
 n - 5 scrolls of identify
 q - 8 scrolls of enchant weapon
 w - a scroll of teleportation
 M - 5 scrolls of blinking
 O - a scroll of fear
 P - 2 scrolls of holy word
Potions
 d - 2 potions of might
 i - a potion of invisibility
 o - a potion of haste
 r - 2 potions of resistance
 z - 3 potions of flight
 G - 5 potions of heal wounds
 T - a potion of berserk rage
 X - a potion of cure mutation
Books
 D - the Compendium of Battle Magic
   (You found it on level 1 of the Elven Halls)

   Spells                             Type                      Level
   a - Conjure Flame                  Conjuration/Fire             3
   b - Irradiate                      Conjuration/Transmutation    5
   c - Poisonous Cloud                Conjuration/Poison/Air       6
 R - the Reference Book on Earth
   (You found it on level 1 of the Elven Halls)

   Spells                             Type                      Level
   a - Sandblast                      Earth                        1
   b - Passwall                       Transmutation/Earth          3
   c - Petrify                        Transmutation/Earth          4
   d - Bolt of Magma                  Conjuration/Fire/Earth       5
Comestibles
 e - 15 bread rations
 v - 10 meat rations
 F - 17 fruits
 L - 6 slices of pizza


   Skills:
 + Level 15.9 Fighting
 + Level 18.1 Long Blades
 + Level 15.8 Armour
 + Level 8.7 Dodging
 + Level 1.6 Stealth
 + Level 19.7 Shields
 + Level 4.0 Invocations
 + Level 1.6 Evocations


You had 16 spell levels left.
You didn't know any spells.

Dungeon Overview and Level Annotations

Branches:
Dungeon (15/15)            Temple (1/1) D:5            Lair (8/8) D:10
  Swamp (1/4) Lair:5       Spider (0/4) Lair:4          Orc (4/4) D:10
    Elf (3/3) Orc:4        Vaults (0/5) D:13         Depths (0/5) D:15
  Slime: Lair:6-8

Altars:
Ashenzari
Cheibriados
Dithmenos
Elyvilon
Fedhas
Gozag
Kikubaaqudgha
Makhleb
Nemelex Xobeh
Okawaru
Qazlal
Ru
Sif Muna
Trog
Vehumet
Xom
Yredelemnul
Zin
The Shining One

Shops:
D:5 =   D:7 %   Orc:4 *?*(   Elf:3 !

Annotations:
Lair:6 exclusion: 3 oklob plants


Innate Abilities, Weirdness & Mutations

You reflexively headbutt those who attack you in melee.
You have a pair of horns on your head.


Message History

A cacophony of accursed wailing tears at your sanity!
* * * LOW HITPOINT WARNING * * *
You suddenly lose the ability to move!
A starcursed mass splits.
The large abomination hits you!
* * * LOW HITPOINT WARNING * * *
You can move again.
Unknown command.
The starcursed mass closely misses you.
A cacophony of accursed wailing tears at your sanity!
* * * LOW HITPOINT WARNING * * *
You suddenly lose the ability to move!
The starcursed mass engulfs you but does no damage.
A starcursed mass splits.
You can move again.
The starcursed mass engulfs you but does no damage.
A starcursed mass splits.
A chorus of shrieks assaults your mind.
* * * LOW HITPOINT WARNING * * *
A chorus of shrieks assaults your mind.
You die...

..#......##.X..#
#
......X#.X.X.##
.......XX.X...#
.#.XX.X### ##
...#.X.## ##
##X### #..X.##
##....# ###@##
##.# ... ...#
.#... ######


You could see 4 starcursed masses and a large abomination.

Vanquished Creatures
  A deep elf blademaster (Elf:2)
  Kirke (D:11)
  A storm dragon (shapeshifter) (Elf:1)
  2 deep elf sorcerers
  2 orc warlords (Orc:2)
  The ghost of xash the Brawler, a journeyman TrMo (Lair:5)
  Azrael (Orc:4)
  Josephine (Lair:5)
  A yaktaur captain (D:15)
  A blizzard demon (Abyss:1)
  Fannar (Orc:2)
  Harold (Orc:2)
  4 hydras
  An ice dragon (Lair:8)
  A rakshasa (D:15)
  Erolcha (D:8)
  3 centaur warriors (D:15)
  15 dancing weapons (Elf:2)
  14 death yaks
  4 orc high priests
  An alligator (Swamp:1)
  A tengu warrior (D:13)
  An ogre mage (Orc:4)
  15 deep elf knights
  Urug (D:13)
  9 skeletal warriors
  A wretched star (Abyss:1)
  10 deep elf summoners
  An unseen horror (D:12)
  A shambling mangrove (Swamp:1)
  9 hill giants
  A necromancer (D:13)
  5 orc knights
  6 orc sorcerers
  2 worldbinders (Abyss:1)
  A wizard (D:13)
  8 ugly things
  2 manticores
  3 griffons
  14 deep elf conjurers
  A cyclops (D:15)
  A mana viper (shapeshifter) (D:13)
  4 elephants
  8 black mambas
  4 gargoyles
  A sixfirhy (Abyss:1)
  9 spiny frogs
  A tormentor (Abyss:1)
  7 komodo dragons
  A yaktaur (D:15)
  A redback zombie (D:15)
  12 deep elf priests
  4 kobold demonologists
  A spriggan druid (Lair:8)
  13 trolls
  14 polar bears
  A giant leech (Swamp:1)
  2 two-headed ogres
  2 tengu conjurers
  2 fire drakes
  2 centaur simulacra
  A raiju (Abyss:1)
  6 slime creatures
  17 spriggans
  18 blink frogs
  A small abomination (Abyss:1)
  2 trapdoor spiders
  4 redbacks (Lair:8)
  A human (D:8)
  4 wraiths
  21 deep elf fighters
  19 deep elf magi
  3 hogs
  58 yaks
  A steam dragon (D:10)
  4 hungry ghosts
  24 wolves
  4 wyverns
  6 basilisks
  2 mottled dragons
  3 vampire mosquitoes
  Menkaure (D:5)
  2 fire elementals (Orc:4)
  2 wolves (shapeshifter)
  12 hippogriffs
  A swamp worm (Swamp:1)
  20 porcupines
  A large abomination (Abyss:1)
  5 wargs
  A soldier ant (D:14)
  20 water moccasins
  5 hell hounds (Orc:4)
  10 wasps
  43 orc warriors
  A swamp drake (Swamp:1)
  9 black bears
  20 ogres
  4 ice beasts
  An eye of draining (D:11)
  2 sky beasts
  6 phantoms
  10 centaurs
  10 crocodiles
  A necrophage (D:6)
  2 big kobolds
  21 giant frogs
  A scorpion (D:10)
  A wyvern skeleton (D:15)
  15 killer bees
  A jelly (D:15)
  7 crimson imps
  A giant frog zombie (D:13)
  24 orc wizards
  2 centaur zombies
  2 wasp zombies
  33 orc priests
  3 quasits
  9 hounds
  5 hell rats (Lair:5)
  2 centaur skeletons
  7 iguanas
  10 worker ants
  24 sheep
  2 hound skeletons
  A hound zombie (D:9)
  3 worker ant zombies
  Robin (D:3)
  73 river rats
  8 adders
  8 gnolls
  3 white imps (Lair:8)
  3 shadow imps
  An ooze (D:1)
  2 worms (D:3)
  2 adder skeletons
  5 giant geckos
  166 orcs
  11 bats
  2 giant cockroaches
  20 goblins
  8 hobgoblins
  6 jackals (D:6)
  2 ball pythons
  2 giant gecko skeletons
  A giant gecko zombie (D:5)
  6 giant newts
  A jackal skeleton (D:6)
  17 kobolds
  12 quokkas
  4 rats
  A fungus (Lair:8)
  A lurking horror (Abyss:1)
1168 creatures vanquished.

Vanquished Creatures (others)
  A deep elf knight (Elf:1)
  A human (D:14)
  A deep elf fighter (Elf:1)
  2 orc wizards
  2 orcs (Orc:4)
  45 fungi
  23 plants
75 creatures vanquished.

Grand Total: 1243 creatures vanquished

Notes
Turn   | Place    | Note
--------------------------------------------------------------
     0 | D:1      | Peloso the Minotaur Fighter began the quest for the Orb.
     0 | D:1      | Reached XP level 1. HP: 19/19 MP: 0/0
   111 | D:1      | Reached XP level 2. HP: 24/27 MP: 1/1
   205 | D:1      | Reached skill level 4 in Fighting
   667 | D:2      | Reached XP level 3. HP: 33/33 MP: 2/2
  1256 | D:3      | Reached skill level 1 in Dodging
  1261 | D:3      | Reached XP level 4. HP: 20/41 MP: 3/3
  1316 | D:3      | Noticed Robin
  1337 | D:3      | Killed Robin
  1579 | D:3      | Reached XP level 5. HP: 41/47 MP: 4/4
  1673 | D:3      | Reached skill level 5 in Armour
  1747 | D:3      | Reached skill level 5 in Shields
  2512 | D:5      | Entered Level 5 of the Dungeon
  2512 | D:5      | Noticed an ogre
  2516 | D:5      | Killed an ogre
  2516 | D:5      | Reached XP level 6. HP: 33/55 MP: 5/5
  2517 | D:5      | Noticed Menkaure
  2525 | D:5      | Killed Menkaure
  2525 | D:5      | Reached skill level 5 in Fighting
  2801 | D:5      | Noticed an ogre
  2806 | D:5      | Killed an ogre
  2806 | D:5      | Reached XP level 7. HP: 61/61 MP: 6/6
  2830 | D:5      | Found a staircase to the Ecumenical Temple.
  2839 | Temple   | Entered the Ecumenical Temple
  2856 | Temple   | Became a worshipper of Warmaster Okawaru
  2925 | D:5      | Reached skill level 6 in Shields
  3005 | D:5      | Noticed an ogre
  3017 | D:5      | Killed an ogre
  3017 | D:5      | Reached skill level 5 in Long Blades
  3157 | D:5      | Noticed an ice beast
  3171 | D:5      | Killed an ice beast
  3324 | D:5      | Noticed a phantom
  3338 | D:5      | Noticed an ogre
  3345 | D:5      | Killed an ogre
  3345 | D:5      | Reached * piety under Okawaru
  3349 | D:5      | Killed a phantom
  3489 | D:5      | Reached XP level 8. HP: 53/70 MP: 7/7
  3534 | D:5      | Found Xatyrhod's Jewellery Shop.
  3839 | D:6      | Reached skill level 7 in Shields
  4104 | D:6      | Reached ** piety under Okawaru
  4604 | D:7      | Found Dove's Food Emporium.
  4914 | D:7      | Found a sacrificial altar of Ru.
  4917 | D:7      | Found an ancient bone altar of Kikubaaqudgha.
  4920 | D:7      | Found a sparkling altar of Nemelex Xobeh.
  5000 | D:7      | Reached skill level 8 in Shields
  5000 | D:7      | Reached XP level 9. HP: 67/79 MP: 8/8
  5251 | D:8      | Noticed Erolcha
  5266 | D:8      | Killed Erolcha
  5266 | D:8      | Reached *** piety under Okawaru
  5455 | D:8      | Reached skill level 9 in Shields
  5771 | D:8      | Reached **** piety under Okawaru
  5992 | D:8      | Reached XP level 10. HP: 90/90 MP: 9/9
  6263 | D:9      | Noticed a skeletal warrior
  6295 | D:9      | Killed a skeletal warrior
  6295 | D:9      | Reached ***** piety under Okawaru
  6606 | D:10     | Entered Level 10 of the Dungeon
  6616 | D:10     | Reached skill level 5 in Dodging
  6616 | D:10     | Reached skill level 10 in Shields
  6918 | D:10     | Found a staircase to the Orcish Mines.
  6935 | D:10     | Reached skill level 11 in Shields
  6955 | D:10     | Got an ichor-stained rapier
  6956 | D:10     | Identified the +6 rapier "Ohaub" {pierce, MP+9 Dex+2} (You found it on level 10 of the Dungeon)
  7004 | D:10     | Found a staircase to the Lair.
  7290 | Orc:1    | Entered Level 1 of the Orcish Mines
  7637 | D:8      | Reached skill level 10 in Armour
  7650 | D:8      | Reached XP level 11. HP: 87/99 MP: 10/10
  7670 | D:8      | Reached skill level 10 in Long Blades
  7670 | D:8      | Reached skill level 1 in Stealth
  7920 | D:5      | Bought an uncursed amulet of faith for 520 gold pieces
  8326 | D:11     | HP: 4/99 [poisoned by a trapdoor spider]
  8333 | D:11     | HP: 4/99 [poisoned by a trapdoor spider]
  8341 | D:11     | HP: 4/99 [poisoned by a trapdoor spider]
  9268 | D:11     | Reached skill level 10 in Fighting
  9359 | D:10     | Reached ****** piety under Okawaru
  9370 | D:11     | Received a gift from Okawaru
  9378 | D:11     | Reached skill level 1 in Invocations
  9381 | D:11     | Got a bloodstained cloak {god gift}
  9390 | D:11     | Identified the +1 cloak "Atrun" {+Fly rF+ rC+} (Okawaru gifted it to you on level 11 of the Dungeon)
  9702 | D:11     | Noticed a hill giant
  9727 | D:11     | Killed a hill giant
  9806 | D:11     | Found a blossoming altar of Fedhas.
 10382 | D:11     | Reached skill level 12 in Shields
 10770 | D:12     | Noticed Kirke
 11863 | D:11     | Killed Kirke
 11863 | D:11     | Reached XP level 12. HP: 108/108 MP: 4/11
 11991 | D:12     | Noticed a hill giant
 11999 | D:12     | Killed a hill giant
 11999 | D:12     | Received a gift from Okawaru
 12370 | D:12     | Noticed a hill giant
 12377 | D:12     | Killed a hill giant
 12444 | D:12     | Killed an unseen horror
 12444 | D:12     | Reached skill level 13 in Shields
 12901 | Orc:2    | Found an iron altar of Okawaru.
 13453 | Orc:2    | Noticed an orc warlord
 13859 | Orc:1    | Received a gift from Okawaru
 14650 | Orc:2    | Killed an orc warlord
 14773 | Orc:2    | Noticed Harold
 14790 | Orc:2    | Killed Harold
 14992 | Orc:2    | Reached skill level 14 in Shields
 15249 | Orc:2    | Noticed an orc warlord
 15775 | Orc:2    | Killed an orc warlord
 15775 | Orc:2    | Reached XP level 13. HP: 116/116 MP: 7/13
 15918 | Orc:2    | Noticed Fannar
 15952 | Orc:2    | Killed Fannar
 16847 | Orc:4    | Entered Level 4 of the Orcish Mines
 16847 | Orc:4    | Found a staircase to the Elven Halls.
 17097 | Orc:4    | Noticed Azrael
 17174 | Orc:4    | Killed Azrael
 17184 | Orc:4    | Paralysed by an orc sorcerer for 2 turns
 17195 | Orc:4    | Reached skill level 15 in Shields
 17973 | Orc:4    | Received a gift from Okawaru
 18179 | Orc:4    | Got a bone hand crossbow {god gift}
 18277 | Orc:4    | Found Jiololy's General Store.
 18277 | Orc:4    | Found Homuk's Antique Weapon Emporium.
 18279 | Orc:4    | Found Tuafyigg's Magic Scroll Boutique.
 18279 | Orc:4    | Found Jeheduu's Assorted Antiques.
 18313 | Orc:4    | Bought a brightly glowing cloak for 294 gold pieces
 18418 | Orc:4    | Identified the +7 hand crossbow of Calculation {speed, rElec rPois rN+ Dex+4} (Okawaru gifted it to you on level 4 of the Orcish Mines)
 18436 | Orc:4    | Identified the cursed +0 cloak of Meifiuta {rC+ Int+2} (You bought it in a shop on level 4 of the Orcish Mines)
 18826 | Lair:1   | Entered Level 1 of the Lair of Beasts
 18952 | Lair:1   | Received a gift from Okawaru
 20149 | Lair:2   | Received a gift from Okawaru
 20158 | Lair:2   | Got a slimy double sword {god gift}
 20159 | Lair:2   | Identified the +1 double sword of the Cup {drain, rC+} (Okawaru gifted it to you on level 2 of the Lair of Beasts)
 20224 | Lair:3   | Reached XP level 14. HP: 119/127 MP: 15/15
 20477 | Lair:3   | Reached skill level 16 in Shields
 21449 | Lair:4   | Received a gift from Okawaru
 21502 | Lair:4   | Found a hole to the Spider Nest.
 22109 | Lair:5   | Noticed xash's ghost (journeyman TrMo)
 22333 | Lair:5   | Killed xash's ghost
 22448 | Lair:5   | Noticed Josephine
 22460 | Lair:5   | Killed Josephine
 22516 | Lair:5   | Found a staircase to the Swamp.
 23885 | Lair:7   | Received a gift from Okawaru
 23927 | Lair:7   | HP: 2/129 [death yak (11)]
 23930 | Lair:7   | Reached skill level 15 in Long Blades
 24231 | Lair:7   | Reached skill level 17 in Shields
 24529 | Lair:7   | Received a gift from Okawaru
 25111 | Lair:8   | Entered Level 8 of the Lair of Beasts
 25275 | Lair:8   | Reached XP level 15. HP: 82/136 MP: 16/16
 26473 | Lair:8   | Received a gift from Okawaru
 28019 | Swamp:1  | Entered Level 1 of the Swamp
 28027 | Swamp:1  | Reached skill level 18 in Shields
 28074 | Swamp:1  | Reached skill level 1 in Evocations
 29270 | D:13     | Received a gift from Okawaru
 29380 | D:13     | Noticed Urug
 29417 | D:13     | Killed Urug
 29462 | D:13     | Found a gate to the Vaults.
 30432 | D:15     | Entered Level 15 of the Dungeon
 30595 | D:15     | Received a gift from Okawaru
 30763 | D:15     | Reached XP level 16. HP: 98/147 MP: 17/17
 31034 | D:15     | Found a staircase to the Depths.
 32603 | Elf:1    | Entered Level 1 of the Elven Halls
 32821 | Elf:1    | Reached skill level 15 in Fighting
 33217 | Elf:1    | Identified the Compendium of Battle Magic
 33467 | Elf:1    | Received a gift from Okawaru
 33477 | Elf:1    | Got an ichor-stained broad axe {god gift}
 33501 | Elf:1    | Reached skill level 19 in Shields
 33559 | Elf:1    | HP: 7/149 [deep elf conjurer/bolt of lightning (30)]
 34759 | Elf:1    | Identified the Reference Book on Earth
 34842 | Elf:1    | Found a shimmering altar of Xom.
 34908 | Elf:2    | Got a translucent falchion
 34923 | Elf:2    | Identified the +7 falchion of Bearr {slice, +Inv MP+9 Str+6} (You found it on level 2 of the Elven Halls)
 34959 | Elf:2    | Found a flickering gateway to a bazaar.
 34968 | Elf:2    | Received a gift from Okawaru
 34979 | Bazaar   | Entered a bazaar
 34981 | Bazaar   | Found Niuphad's Armour Shop.
 34994 | Bazaar   | Found Geqiuhum's General Store.
 35006 | Bazaar   | Found Paej's Weapon Boutique.
 35010 | Bazaar   | Found Baappoaxt's Antique Armour Shoppe.
 35015 | Bazaar   | Found Fuogiom's Book Emporium.
 35653 | Elf:2    | Found a runed gate.
 35653 | Elf:2    | Found a runed gate.
 35653 | Elf:2    | Found a runed gate.
 35676 | Elf:2    | Reached skill level 15 in Armour
 35701 | Elf:2    | Noticed a deep elf blademaster
 35733 | Elf:2    | Killed a deep elf blademaster
 36435 | Elf:2    | HP: 6/150 [dire flail of protection (18)]
 36886 | Elf:2    | Reached XP level 17. HP: 150/157 MP: 19/19
 37362 | Elf:3    | Entered Level 3 of the Elven Halls
 37501 | Elf:3    | Found Yxzepteck's Distillery.
 37966 | Elf:3    | Received a gift from Okawaru
 37970 | Elf:3    | Got a smoking demon blade {god gift}
 38221 | Elf:3    | Cast into the Abyss (a deep elf sorcerer)
 38574 | Abyss:1  | Paralysed by accursed screaming for 2 turns
 38577 | Abyss:1  | Paralysed by accursed screaming for 2 turns
 38582 | Abyss:1  | HP: 4/158 [starcursed mass/accursed screaming (6)]
 38583 | Abyss:1  | Killed from afar by a starcursed mass

Action                   |  1- 3 |  4- 6 |  7- 9 | 10-12 | 13-15 | 16-18 || total
-------------------------+-------+-------+-------+-------+-------+-------++-------
Melee: Long sword        |   115 |   100 |   346 |   760 |       |   156 ||  1477
       Unarmed           |       |       |       |    31 |       |       ||    31
       Falchion          |       |       |       |   408 |   366 |   310 ||  1084
       Scimitar          |       |       |       |       |  1539 |   356 ||  1895
       Double sword      |       |       |       |       |   329 |       ||   329
Invok: Heroism           |       |       |       |    14 |     8 |     6 ||    28
       Finesse           |       |       |       |     4 |     1 |       ||     5
 Abil: Evoke Flight      |       |       |       |       |     2 |     5 ||     7
Evoke: Wand              |       |       |       |     3 |     6 |     4 ||    13
  Use: Scroll            |       |     9 |     4 |    12 |    16 |     8 ||    49
       Potion            |       |       |     1 |     3 |     3 |     4 ||    11
  Eat: Chunk             |     1 |     5 |    12 |    29 |    49 |    19 ||   115
       Beef jerky        |       |       |     1 |     2 |     1 |     1 ||     5
       Fruit             |       |       |       |     3 |     1 |       ||     4
       Royal jelly       |       |       |       |     1 |       |     2 ||     3
       Pizza             |       |       |       |     1 |     1 |       ||     2
